 Dungeon Crawl Stone Soup version 0.31-a0-675-g238779eb0a (webtiles) character file.

Game seed: 4984351285666851747

280310 Pooter the Executioner (level 20, 0/193 HPs)
             Began as a Minotaur Berserker on Sept 5, 2023.
             Was a High Priest of Trog.
             Hit by a silver javelin thrown by a merfolk javelineer (7 damage)
             ... on level 4 of the Shoals on Sept 6, 2023.
             The game lasted 04:12:48 (64677 turns).

Pooter the Executioner (Minotaur Berserker)        Turns: 64677, Time: 04:12:49

Health: 0/193      AC: 34    Str: 39    XL:     20   Next: 5%
Magic:  19/19      EV: 12    Int:  9    God:    Trog [*****.]
Gold:   2044       SH:  5    Dex: 13    Spells: 19/19 levels left

rFire   . . .        U - +6 battleaxe (heavy)
rCold   + . .        (shield currently unavailable)
rNeg    + + .        g - +8 plate armour of Slovenliness {Rampage Str+3}
rPois   +            S - +0 hat {SInv}
rElec   .            P - +1 cloak
rCorr   .            N - +2 pair of gloves of Wattaf {+Blink rN+ Int+3 Slay+2}
SInv    +            J - +3 pair of mountain boots {steadfast, rC+}
Will    ++++.        i - amulet of reflection Stlth
                     W - ring "Hologog" {rPois rN+ Will+ Str+6 Dex-2}
HPRegen 1.52/turn    c - +6 ring of strength
MPRegen 0.16/turn

%: reflection, rampage
@: strong-willed, mesmerised, regenerating, studying 3 skills
A: horns 2, retaliatory headbutt
}: 1/15 runes: gossamer
a: Renounce Religion, Evoke Blink, Berserk, Trog's Hand, Brothers in Arms


You were on level 4 of the Shoals.
You worshipped Trog.
Trog was extremely pleased with you.
You visited 6 branches of the dungeon, and saw 33 of its levels.
You also visited: Gauntlet and Volcano.

You collected 3461 gold pieces.
You spent 1417 gold pieces at shops.

Inventory:

Hand Weapons
 a - the +12 mace of Light {heavy, Fly rElec Int+2}
   (You found it on level 4 of the Spider Nest)

   Int+2:     It affects your intelligence (+2).
   rElec:     It insulates you from electricity.
   Fly:       It grants you flight.
 b - a +3 antimagic arbalest
   (You bought it in a shop on level 2 of the Orcish Mines)
 d - a +5 executioner's axe of flaming
   (Trog gifted it to you on level 2 of the Elven Halls)
 z - a +6 antimagic executioner's axe
   (Trog gifted it to you on level 3 of the Elven Halls)
 U - a +6 heavy battleaxe (weapon)
   (Trog gifted it to you on level 4 of the Spider Nest)
Missiles
 j - 28 javelins
 l - 11 silver javelins
 m - 7 curare-tipped darts
 B - 35 boomerangs (quivered)
Armour
 g - the +8 plate armour of Slovenliness (worn) {Rampage Str+3}
   (You took it off a minotaur in a Gauntlet)

   Str+3:     It affects your strength (+3).
   Rampage:   It bestows one free step when moving towards enemies.
 k - a +5 chain mail of poison resistance
   (You took it off an orc warrior on level 9 of the Dungeon)
 J - the +3 pair of mountain boots (worn) {steadfast, rC+}
   (You found it on level 6 of the Dungeon)

   Steadfast: It prevents involuntary movement, except for blinking,
   teleportation, or banishment.
   rC+:       It protects you from cold.
 N - the +2 pair of gloves of Wattaf (worn) {+Blink rN+ Int+3 Slay+2}
   (You found it on level 2 of the Orcish Mines)

   Int+3:     It affects your intelligence (+3).
   Slay+2:    It affects your accuracy & damage with ranged weapons and melee
   (+2).
   rN+:       It protects you from negative energy.
   +Blink:    It lets you blink.
 P - a +1 cloak (worn)
   (You found it on level 9 of the Dungeon)
 S - a +0 hat of see invisible (worn)
   (You found it on level 4 of the Spider Nest)
Jewellery
 c - a +6 ring of strength (right hand)
   (You found it on level 1 of the Shoals)
 e - a +6 ring of dexterity
   (You found it on level 1 of the Dungeon)
 i - an amulet of reflection (around neck)
   (You found it on level 5 of the Lair of Beasts)
 n - a ring of protection from fire
   (You found it on level 9 of the Dungeon)
 F - the ring "Maxtain" {rElec rF+ rCorr Dex+2}
   (You found it on level 1 of the Lair of Beasts)

   [ring of protection from fire]

   Dex+2:     It affects your dexterity (+2).
   rF+:       It protects you from fire.
   rElec:     It insulates you from electricity.
   rCorr:     It protects you from acid and corrosion.
 I - a ring of protection from cold
   (You took it off a deep elf sorcerer on level 3 of the Elven Halls)
 R - the ring "Qelysch" {EV+5 Str+3}
   (You found it in a Gauntlet)

   [ring of evasion]

   EV+5:      It affects your evasion (+5).
   Str+3:     It affects your strength (+3).
 W - the ring "Hologog" (left hand) {rPois rN+ Will+ Str+6 Dex-2}
   (You took it off a deep elf zephyrmancer on level 1 of the Elven Halls)

   [ring of willpower]

   Str+6:     It affects your strength (+6).
   Dex-2:     It affects your dexterity (-2).
   rPois:     It protects you from poison rN+: It protects you from negative
   energy.
   Will+:     It increases your willpower.
Wands
 f - a wand of flame (55)
   (You took it off Ijyb on level 3 of the Dungeon)
 x - a wand of acid (17)
   (You found it on level 1 of the Elven Halls)
 A - a wand of charming (7)
   (You found it on level 6 of the Dungeon)
 D - a wand of digging (3)
   (You found it on level 5 of the Dungeon)
 G - a wand of roots (29)
   (You found it on level 12 of the Dungeon)
 K - a wand of polymorph (17)
   (You found it on level 7 of the Dungeon)
 O - a wand of mindburst (16)
   (You found it on level 8 of the Dungeon)
Scrolls
 p - a scroll of summoning
 q - 7 scrolls of noise {!r}
 r - 3 scrolls of blinking
 t - 8 scrolls of teleportation {@r4}
 u - 2 scrolls of silence
 v - 7 scrolls of poison {!r}
 w - a scroll of revelation
 M - a scroll of fog
 T - 4 scrolls of vulnerability {!r}
 X - 5 scrolls of fear
Potions
 h - a potion of attraction {!q}
 o - 4 potions of lignification {!q}
 s - 7 potions of might
 y - 3 potions of resistance
 C - 9 potions of curing {@q1}
 E - 12 potions of heal wounds {@q2}
 H - 10 potions of haste {@q3}
 L - 5 potions of mutation {!q}
 V - 3 potions of cancellation
 Y - 7 potions of enlightenment
Miscellaneous
 Q - a tin of tremorstones (1/2)
   (You found it in a Gauntlet)
 Z - a phantom mirror
   (You found it on level 9 of the Dungeon)


   Skills:
 + Level 20.2 Fighting
 + Level 24.8(25.1) Axes
 - Level 7.6(18.0) Maces & Flails
 + Level 20.7 Ranged Weapons
 - Level 7.3 Throwing
 + Level 12.5 Armour
 + Level 8.4 Dodging
 - Level 10.0 Evocations


You had 19 spell levels left.
You didn't know any spells.
Your spell library was empty.

Dungeon Overview and Level Annotations

Branches:
Dungeon (15/15) Zot: 24953  Temple (0/1) D:5            Lair (5/5) D:9 Zot: 19123
 Shoals (4/4) Lair:3 Zot: 18780  Spider (4/4) Lair:3 Zot: 13431   Slime (0/5) Lair:4
    Orc (2/2) D:12 Zot: 6216     Elf (3/3) Orc:2 Zot: 4815  Vaults (0/5) D:13
 Depths (0/4) D:15        Volcano (visited)         Gauntlet (visited)

Altars:
Ashenzari
Cheibriados
Elyvilon
Fedhas
Gozag
Nemelex Xobeh
Okawaru
Qazlal
Sif Muna
Trog
Xom
Yredelemnul
Jiyva

Shops:
D:2 [   D:8 *   D:15 :   Orc:1 [   Orc:2 (*:(   Shoals:2 !

Portals:
Trove: Elf:1 (give 8 potions of haste)

Annotations:
D:12 4 transporters
Shoals:4 Ilsuiw


Innate Abilities, Weirdness & Mutations

You have a pair of horns on your head.
You reflexively headbutt those who attack you in melee.


Message History

You carve the merfolk siren like a ham!!!
You kill the merfolk siren!
Trog accepts your kill.
Trog appreciates your killing of a magic user.
You slash the merfolk javelineer! The merfolk siren closely misses you.
The merfolk javelineer throws a silver javelin.
The silver javelin closely misses you.
The merfolk siren chants a haunting song.
You resist with almost no effort.
The merfolk siren chants its luring song.
The merfolk javelineer hits you but does no damage.
The merfolk javelineer throws a silver javelin.
The silver javelin pierces through you but does no damage.
* * * LOW HITPOINT WARNING * * *
The merfolk siren hits you but does no damage.
You barely miss the merfolk javelineer. You headbutt the merfolk javelineer!
You miss the merfolk javelineer.
The merfolk javelineer throws a silver javelin.
The silver javelin pierces through you!!
* * * LOW HITPOINT WARNING * * *
* * * LOW HITPOINT WARNING * * *
The merfolk siren chants a haunting song.
You resist with almost no effort.
The merfolk siren hits you but does no damage.
Ilsuiw mumbles some strange words.
Ilsuiw blinks!
The merfolk javelineer hits you but does no damage. x2
The merfolk siren hits you but does no damage.
Unknown command.
You cut the merfolk javelineer into ribbons!!!!
You kill the merfolk javelineer!
Trog accepts your kill.
You slice the merfolk javelineer!!
You kill the merfolk javelineer!
Trog accepts your kill. You block the merfolk siren's attack.
The merfolk siren chants its luring song.
The merfolk javelineer throws a silver javelin.
The silver javelin pierces through you!
* * * LOW HITPOINT WARNING * * *
* * * LOW HITPOINT WARNING * * *
The merfolk siren chants a haunting song.
You resist with almost no effort.
You feel much better.
The merfolk siren hits you but does no damage.
The merfolk siren chants its luring song.
The merfolk javelineer throws a silver javelin.
The silver javelin pierces through you!!
* * * LOW HITPOINT WARNING * * *
You die...

#######################
≈≈≈≈≈≈≈≈≈≈≈≈≈≈≈≈≈≈≈≈≈≈≈≈
≈≈≈≈≈≈≈≈≈≈≈≈≈≈≈≈≈≈≈≈≈≈≈≈
≈≈≈≈≈≈≈≈≈≈≈≈≈≈≈≈≈≈≈≈≈≈≈≈
≈≈≈≈≈≈≈≈≈≈≈≈≈≈≈≈≈≈≈≈≈≈≈≈
≈≈≈≈≈≈≈≈≈≈≈≈≈≈≈≈≈≈~~≈≈≈≈
≈≈≈≈≈≈≈≈≈≈≈≈≈~~~~m~~~~~~
≈≈≈≈≈≈≈≈≈≈≈~~~)..)m..~~~
≈≈≈≈≈≈≈≈≈≈≈~~~).@)m.#.~
≈≈≈≈≈≈≈≈≈≈~~~...))..#
≈≈≈≈≈≈≈≈≈≈~~~....m...#
≈≈≈≈≈≈≈≈≈≈≈~~....##...≈.
≈≈≈≈≈≈≈≈≈≈≈~~....# #.#.#
≈≈≈≈≈≈≈≈≈≈≈~~....# ≈...
≈≈≈≈≈≈≈≈≈~~~~~...# #.#
≈≈≈≈≈≈≈~~~~~~~.... ≈.
≈≈≈≈≈≈≈~~~~


You could see a merfolk javelineer and 3 merfolk sirens.

Vanquished Creatures
  Arachne (Spider:4)
  Jorgrun (D:15)
  2 deep elf blademasters (Elf:3)
  3 deep elf master archers
  Polyphemus (Shoals:3)
  A kraken (Shoals:3)
  4 emperor scorpions
  9 deep elf sorcerers (Elf:3)
  7 ghost moths
  7 deep elf elementalists (Elf:3)
  An orc warlord (Orc:1)
  A stone giant (D:15)
  3 deep elf demonologists (Elf:3)
  3 elemental wellsprings (Shoals:2)
  Azrael (D:15)
  5 deep elf annihilators
  A minotaur (Gauntlet)
  3 spark wasps
  6 deep elf death magi
  4 merfolk impalers
  6 merfolk javelineers
  Fannar (D:12)
  8 deep elf high priests (Elf:3)
  A vault guard (D:13)
  7 entropy weavers
  The ghost of dialectric the Unseen, a journeyman SpBr of Dithmenos (Orc:2)
  9 hydras
  Erolcha (D:12)
  2 catoblepae
  A merfolk avatar (Shoals:3)
  8 centaur warriors
  4 radroaches
  2 ogre magi (D:15)
  29 dancing weapons
  6 boulder beetles
  7 death yaks
  2 satyrs (Shoals:2)
  A merfolk aquamancer (Shoals:1)
  2 jorogumos (Spider:4)
  A deep troll shaman (Lair:5)
  5 tengu warriors
  11 two-headed ogres
  Urug (D:12)
  3 demonic crawlers
  23 deep elf knights
  Nergalle (D:11)
  3 sixfirhies (Gauntlet)
  5 skysharks
  5 sun moths
  4 pharaoh ants
  12 deep elf archers
  9 steelbarb worms
  7 sea snakes
  6 wizards
  16 orb spiders
  8 harpies
  44 deep elf pyromancers
  3 orc knights
  39 deep elf zephyrmancers
  A necromancer (D:13)
  11 fauns
  8 manticores
  An orc sorcerer (Orc:1)
  11 cyclopes
  2 ugly things
  28 wolf spiders
  A shining eye (shapeshifter) (Elf:1)
  5 moths of wrath
  20 elephants
  9 merfolk sirens
  8 black mambas
  Joseph (Lair:1)
  4 water nymphs (Shoals:2)
  A molten gargoyle (Volcano)
  6 torpor snails
  2 gargoyles
  13 cane toads
  9 yaktaurs
  An unseen horror (D:12)
  2 freezing wraiths
  A kobold demonologist (D:11)
  6 komodo dragons
  4 rime drakes
  6 meliai
  25 merfolk
  6 trolls
  5 polar bears
  2 wind drakes (Shoals:3)
  A queen bee (shapeshifter) (D:15)
  22 tarantellas
  3 hornets
  23 blink frogs
  9 dream sheep
  A raiju (shapeshifter) (D:15)
  2 snapping turtles
  9 slime creatures
  23 jumping spiders
  8 air elementals
  A spriggan (shapeshifter) (D:14)
  3 vampires
  2 shadows
  16 culicivoras
  19 humans (D:13)
  12 water elementals
  67 yaks
  3 wyverns
  A yak (shapeshifter) (D:14)
  9 fire elementals
  A steam dragon (D:6)
  5 basilisks
  65 redbacks
  5 vampire mosquitoes
  11 wargs
  17 water moccasins
  Duvessa (D:4)
  2 acid dragons
  3 hell hounds
  6 ice beasts
  40 orc warriors
  3 sky beasts
  2 black bears
  34 centaurs
  24 wolves
  4 ogres
  13 bullfrogs
  5 earth elementals
  5 kobold brigands
  3 gnoll sergeants
  2 scorpions
  21 wights
  Dowan (D:4)
  16 killer bees
  2 electric eels
  A jelly (D:6)
  3 gnoll boudas
  17 orc priests
  3 hounds
  3 sleepcaps
  Ijyb (D:3)
  5 iguanas
  22 orc wizards
  24 gnolls
  12 adders
  3 shadow imps
  3 worms (D:2)
  2 dart slugs
  69 orcs
  6 bats
  5 endoplasms
  3 giant cockroaches
  5 goblins
  6 hobgoblins
  7 jackals
  24 kobolds
  3 quokkas
  12 ball pythons
  5 frilled lizards
  2 rats
1338 creatures vanquished.

Vanquished Creatures (collateral kills)
  A yak (D:8)
  2 orcs (D:12)
3 creatures vanquished.

Vanquished Creatures (others)
  A merfolk impaler (Shoals:3)
  A deep elf knight (Elf:2)
  A deep elf zephyrmancer (Elf:3)
  A wolf spider (Spider:3)
  A merfolk siren (Shoals:3)
  A torpor snail (Spider:3)
  2 air elementals (Elf:3)
  A yak (D:8)
  A warg (Orc:2)
  A centaur (D:8)
  2 orc priests
  A gnoll (D:6)
  4 orcs
  3 ball lightnings (Elf:3)
  4 tentacles (Shoals:3)
25 creatures vanquished.

Grand Total: 1366 creatures vanquished

Notes
Turn   | Place    | Note
-------+----------+-------------------------------------------
     0 | D:1      | Pooter the Minotaur Berserker began the quest for the Orb.
     0 | D:1      | Reached XP level 1. HP: 19/19 MP: 0/0
    26 | D:1      | Reached skill level 4 in Axes
    53 | D:1      | Reached XP level 2. HP: 17/27 MP: 1/1
   376 | D:1      | Reached ** piety under Trog
   727 | D:2      | Reached XP level 3. HP: 24/33 MP: 2/2
   805 | D:2      | Found Mudy's Antique Armour Emporium.
   853 | D:2      | Reached skill level 5 in Axes
  1241 | D:2      | Reached XP level 4. HP: 41/41 MP: 3/3
  1702 | D:3      | Reached skill level 6 in Axes
  1711 | D:3      | Reached skill level 5 in Fighting
  1711 | D:3      | Reached XP level 5. HP: 44/48 MP: 4/4
  1735 | D:3      | Reached *** piety under Trog
  1885 | D:3      | Noticed Ijyb
  1905 | D:3      | Killed Ijyb
  2181 | D:4      | Reached skill level 7 in Axes
  2181 | D:4      | Reached XP level 6. HP: 56/56 MP: 5/5
  2466 | D:4      | Found Vyetiguo's Magic Scroll Emporium.
  2467 | D:4      | Noticed Duvessa
  2468 | D:4      | Noticed Dowan
  2475 | D:4      | Killed Dowan
  2476 | D:4      | Killed Duvessa
  2477 | D:4      | Reached skill level 8 in Axes
  2477 | D:4      | Reached XP level 7. HP: 64/64 MP: 6/6
  2532 | D:4      | Bought a scroll of identify for 20 gold pieces
  2532 | D:4      | Bought a scroll of identify for 20 gold pieces
  2532 | D:4      | Bought a scroll of identify for 20 gold pieces
  3235 | D:5      | Entered Level 5 of the Dungeon
  3318 | D:5      | Reached skill level 9 in Axes
  3318 | D:5      | Reached skill level 1 in Ranged Weapons
  3596 | D:4      | Bought a scroll of enchant weapon for 75 gold pieces
  3713 | D:5      | Reached **** piety under Trog
  3723 | D:5      | Found a staircase to the Ecumenical Temple.
  3736 | D:5      | Reached XP level 8. HP: 73/73 MP: 7/7
  4252 | D:6      | Reached skill level 10 in Axes
  4554 | D:6      | Reached skill level 5 in Ranged Weapons
  4929 | D:6      | Reached XP level 9. HP: 81/81 MP: 8/8
  4942 | D:6      | Reached skill level 11 in Axes
  5028 | D:6      | Found an iron altar of Okawaru.
  5154 | D:6      | Found the +3 pair of mountain boots {steadfast, rC+}
  5886 | D:7      | Reached skill level 12 in Axes
  6196 | D:8      | Reached XP level 10. HP: 64/91 MP: 9/9
  6421 | D:4      | Bought a scroll of enchant weapon for 75 gold pieces
  6840 | D:8      | Found Gozag's Platinum Reserve.
  6906 | D:8      | Reached skill level 1 in Evocations
  7029 | D:8      | Found an opulent altar of Gozag.
  7209 | D:8      | Reached skill level 13 in Axes
  7586 | D:9      | Found a snail-covered altar of Cheibriados.
  7588 | D:9      | Found a shimmering blue altar of Sif Muna.
  7589 | D:9      | Found a shimmering altar of Xom.
  7596 | D:9      | Found a broken altar of Ashenzari.
  7598 | D:9      | Found a basalt altar of Yredelemnul.
  7599 | D:9      | Found a white marble altar of Elyvilon.
  7601 | D:9      | Found a blossoming altar of Fedhas.
  7605 | D:9      | Found a sparkling altar of Nemelex Xobeh.
  7606 | D:9      | Found a bloodstained altar of Trog.
  7609 | D:9      | Found a staircase to the Lair.
  8078 | D:9      | Reached skill level 10 in Fighting
  8218 | D:9      | Noticed a two-headed ogre
  8650 | D:9      | Killed a two-headed ogre
  8656 | D:9      | Reached skill level 10 in Ranged Weapons
  8717 | D:9      | Noticed a manticore
  8722 | D:9      | Noticed a boulder beetle
  8727 | D:9      | Killed a manticore
  8728 | D:9      | Reached XP level 11. HP: 100/100 MP: 10/10
  8731 | D:9      | Noticed a wizard
  8743 | D:9      | Killed a wizard
  8744 | D:9      | Reached skill level 14 in Axes
  8748 | D:9      | Killed a boulder beetle
  8975 | D:9      | Noticed a red ugly thing
  8985 | D:9      | Killed a red ugly thing
  9447 | D:10     | Entered Level 10 of the Dungeon
  9716 | D:10     | Reached skill level 15 in Axes
  9929 | D:10     | Found a stormy altar of Qazlal.
 10228 | Lair:1   | Entered Level 1 of the Lair of Beasts
 10295 | Lair:1   | Found a dark tunnel.
 10307 | Lair:1   | Reached XP level 12. HP: 95/110 MP: 11/11
 10351 | Volcano  | Entered a volcano
 10361 | Volcano  | Reached skill level 5 in Evocations
 10793 | Lair:1   | Noticed Joseph
 10797 | Lair:1   | Killed Joseph
 10966 | Lair:1   | Noticed Sonja
 10967 | Lair:1   | Sonja changed into Sonja the hornet
 10967 | Lair:1   | Noticed Sonja
 10972 | Lair:1   | Killed Sonja the hornet
 10973 | Lair:1   | Reached skill level 16 in Axes
 11423 | Lair:1   | Identified the ring "Maxtain" {rElec rF+ rCorr Dex+2}
 12017 | D:4      | Bought a scroll of blinking for 75 gold pieces
 12017 | D:4      | Bought a scroll of blinking for 75 gold pieces
 12802 | Lair:2   | Reached XP level 13. HP: 111/118 MP: 12/12
 12936 | Lair:2   | Reached ***** piety under Trog
 12937 | Lair:2   | Reached skill level 17 in Axes
 13276 | Lair:3   | Found a staircase to the Shoals.
 14336 | Lair:3   | Found a hole to the Spider Nest.
 15580 | Lair:4   | Identified the +10 war axe of Wealth {vamp, *Rage rF+ Dex+4
                  | SInv}
 15904 | Lair:4   | Reached skill level 18 in Axes
 16394 | Lair:4   | Found a viscous altar of Jiyva.
 16395 | Lair:4   | Found a staircase to the Slime Pits.
 16694 | Lair:5   | Entered Level 5 of the Lair of Beasts
 16707 | Lair:4   | Reached skill level 15 in Ranged Weapons
 17056 | Lair:5   | Reached XP level 14. HP: 65/129 MP: 13/13
 17223 | Lair:5   | Received a gift from Trog
 17368 | Lair:5   | Reached skill level 1 in Throwing
 22433 | D:11     | Noticed Nergalle
 22442 | D:11     | Killed Nergalle
 22677 | D:11     | Reached skill level 19 in Axes
 22774 | D:12     | Noticed Erolcha
 22780 | D:12     | Killed Erolcha
 22871 | D:12     | Found a staircase to the Orcish Mines.
 22933 | D:12     | Found a transporter.
 22934 | D:12     | Found a transporter.
 23053 | D:12     | Found a transporter.
 23053 | D:12     | Noticed Fannar
 23066 | D:12     | Killed Fannar
 23102 | D:12     | Found a transporter.
 23267 | D:12     | Reached skill level 5 in Armour
 23333 | D:12     | Noticed Urug
 23340 | D:12     | Killed Urug
 23819 | D:12     | Reached skill level 1 in Maces & Flails
 24385 | Orc:1    | Entered Level 1 of the Orcish Mines
 25147 | Orc:1    | Noticed an orc warlord
 25165 | Orc:1    | Killed an orc warlord
 25321 | Orc:2    | Entered Level 2 of the Orcish Mines
 25321 | Orc:2    | Found a staircase to the Elven Halls.
 25616 | Orc:2    | Reached XP level 15. HP: 108/138 MP: 14/14
 27419 | Orc:2    | Noticed dialectric's ghost (journeyman SpBr)
 27430 | Orc:2    | Found a transporter.
 27800 | Orc:1    | Found Dukhlotsi's Armour Shop.
 29532 | Orc:2    | Found a transporter.
 29571 | Orc:2    | Killed dialectric's ghost
 29618 | Orc:2    | Identified the +2 pair of gloves of Wattaf {+Blink rN+
                  | Int+3 Slay+2}
 29914 | Orc:2    | Found Nateym's Assorted Antiques.
 29914 | Orc:2    | Found Jiguug's Book Boutique.
 29916 | Orc:2    | Found Yboanu's Antique Weapon Shop.
 29918 | Orc:2    | Found Quqiatoa's Weapon Emporium.
 29922 | Orc:2    | Bought a translucent sapphire amulet for 145 gold pieces
 29922 | Orc:2    | Identified the amulet "Seodobatt" {Faith rC+ Dex+4} (You
                  | bought it in a shop on level 2 of the Orcish Mines)
 29922 | Orc:2    | Bought a scroll of identify for 58 gold pieces
 29922 | Orc:2    | Bought a scroll of identify for 58 gold pieces
 29922 | Orc:2    | Bought a scroll of identify for 58 gold pieces
 29928 | Orc:2    | Bought a glowing arbalest for 210 gold pieces
 30261 | D:13     | Found a gate leading to a gauntlet.
 30266 | Gauntlet | Entered a Gauntlet
 30266 | Gauntlet | Found a transporter.
 30266 | Gauntlet | Found a transporter.
 30267 | Gauntlet | Found a transporter.
 30270 | Gauntlet | Found a transporter.
 30270 | Gauntlet | Found a transporter.
 30272 | Gauntlet | Found a large runed translucent door.
 30273 | Gauntlet | Found a large runed translucent door.
 30274 | Gauntlet | Found a large runed translucent door.
 30274 | Gauntlet | Found a large runed translucent door.
 30274 | Gauntlet | Found a runed translucent door.
 30275 | Gauntlet | Found a large runed translucent door.
 30275 | Gauntlet | Found a runed translucent door.
 30276 | Gauntlet | Found a large runed translucent door.
 30276 | Gauntlet | Found a large runed translucent door.
 30276 | Gauntlet | Found a large runed translucent door.
 30277 | Gauntlet | Found a large runed translucent door.
 30278 | Gauntlet | Found a large runed translucent door.
 30321 | Gauntlet | Identified the ring "Qelysch" {EV+5 Str+3}
 30479 | Gauntlet | Found a transporter.
 30500 | Gauntlet | Found a large runed translucent door.
 30517 | Gauntlet | Found a transporter.
 30529 | Gauntlet | Found the +8 arc blade {discharge, rElec}
 30529 | Gauntlet | Identified the +3 shortbow "Gymey" {heavy, rCorr}
 30529 | Gauntlet | Identified the +8 plate armour of Slovenliness {Rampage
                  | Str+3}
 30728 | Gauntlet | Identified the +1 cloak of Beogh's Brutal Revenge {rPois
                  | Dex+2 Slay-2 Stlth+}
 31019 | D:13     | Reached skill level 5 in Throwing
 31876 | D:13     | Found a gate to the Vaults.
 33059 | D:14     | Reached skill level 20 in Axes
 33283 | D:14     | Found a broken altar of Ashenzari.
 33395 | D:14     | Reached skill level 5 in Maces & Flails
 33636 | D:15     | Entered Level 15 of the Dungeon
 33990 | D:15     | Noticed Azrael
 34238 | D:14     | Reached XP level 16. HP: 133/147 MP: 15/15
 34255 | D:15     | Reached skill level 15 in Fighting
 34256 | D:15     | Killed Azrael
 34649 | D:15     | Noticed Jorgrun
 34658 | D:15     | Killed Jorgrun
 34783 | D:15     | Found a staircase to the Depths.
 35382 | D:15     | Found Osiafujim's Book Boutique.
 35530 | Elf:1    | Entered Level 1 of the Elven Halls
 36337 | Elf:1    | Received a gift from Trog
 36353 | Elf:1    | Found a portal to a secret trove of treasure.
 36503 | Elf:1    | Paralysed by an air elemental for 1 turns
 36983 | Elf:1    | Noticed a deep elf master archer
 36988 | Elf:1    | Killed a deep elf master archer
 36995 | Elf:1    | Identified the ring "Hologog" {rPois rN+ Will+ Str+6 Dex-2}
 38064 | Elf:2    | Identified the +0 dagger of Shame {spect, rF+ Dex+3}
 38100 | Elf:2    | Paralysed by an air elemental for 1 turns
 38537 | Elf:2    | Received a gift from Trog
 38652 | Elf:2    | Reached XP level 17. HP: 139/157 MP: 6/16
 38698 | Elf:2    | Paralysed by an air elemental for 1 turns
 39236 | Elf:2    | Found a runed translucent gate.
 39318 | Elf:2    | Found a runed translucent gate.
 39318 | Elf:2    | Found a runed translucent gate.
 39500 | Elf:2    | Reached skill level 21 in Axes
 40111 | Elf:2    | Received a gift from Trog
 40677 | Elf:3    | Entered Level 3 of the Elven Halls
 40680 | Elf:3    | Paralysed by an air elemental for 1 turns
 40682 | Elf:3    | Paralysed by an air elemental for 1 turns
 40686 | Elf:3    | Reached skill level 22 in Axes
 40743 | Elf:3    | Received a gift from Trog
 41159 | Elf:3    | Paralysed by an air elemental for 1 turns
 42327 | Elf:3    | Identified the +4 falchion "Lekuifuq" {flame, rCorr Dex+4}
 42330 | Elf:3    | Paralysed by an air elemental for 1 turns
 42379 | Elf:3    | Noticed a deep elf master archer
 42382 | Elf:3    | Noticed a deep elf blademaster
 42384 | Elf:3    | Noticed a deep elf blademaster
 43833 | Elf:3    | Killed a deep elf master archer
 44081 | Elf:3    | Killed a deep elf blademaster
 44510 | Elf:3    | Identified the ring of Pewetutz {*Slow Will+ Int+5 Dex+5}
 44745 | Elf:3    | Noticed a deep elf master archer
 44749 | Elf:3    | Killed a deep elf master archer
 44750 | Elf:3    | Reached skill level 23 in Axes
 45423 | Elf:3    | Identified the +0 scale mail "Hituqipp" {rC+}
 45437 | Elf:3    | Reached XP level 18. HP: 87/170 MP: 5/17
 45770 | Elf:3    | Noticed a Tzitzimitl
 46890 | Elf:3    | Identified the +7 short sword "Riguseoq" {freeze, Dex+3}
 47021 | Elf:3    | Identified the amulet of Bygoh {Acrobat +Blink Int+6}
 47589 | Elf:3    | Identified the +2 ring mail "Wutoxt" {rElec Regen+ Dex+2}
 47936 | Elf:3    | Identified the +9 chain mail of Noughts and Crosses {-Tele
                  | Str+5}
 48058 | Elf:3    | Found the +3 greatsling "Punk" {acid, rCorr}
 48879 | Spider:1 | Entered Level 1 of the Spider Nest
 50584 | Spider:2 | Reached skill level 10 in Evocations
 53338 | Spider:3 | Reached skill level 10 in Armour
 53829 | Spider:3 | Reached skill level 24 in Axes
 53845 | Spider:3 | Reached skill level 5 in Dodging
 54737 | Spider:4 | Entered Level 4 of the Spider Nest
 54984 | Spider:4 | Received a gift from Trog
 55039 | Spider:4 | Reached XP level 19. HP: 158/182 MP: 8/18
 58067 | Spider:4 | Got a gossamer rune of Zot
 58216 | Spider:4 | Noticed Arachne
 58337 | Spider:4 | Killed Arachne
 58337 | Spider:4 | Received a gift from Trog
 58702 | Spider:4 | Identified the +12 mace of Light {heavy, Fly rElec Int+2}
 59529 | Shoals:1 | Entered Level 1 of the Shoals
 60841 | Shoals:2 | Received a gift from Trog
 61126 | Shoals:2 | Found Jidgh's Distillery.
 61217 | Shoals:2 | Bought 2 potions of might for 128 gold pieces
 61217 | Shoals:2 | Bought a potion of curing for 48 gold pieces
 61217 | Shoals:2 | Bought a potion of resistance for 160 gold pieces
 61217 | Shoals:2 | Bought a potion of cancellation for 128 gold pieces
 61217 | Shoals:2 | Bought a potion of might for 64 gold pieces
 61688 | Shoals:2 | Identified the ring of Joy {Fire rCorr Str-5 Int+7 Stlth-}
 63975 | Shoals:3 | Noticed Polyphemus
 63990 | Shoals:3 | Killed Polyphemus
 64206 | Shoals:3 | Reached XP level 20. HP: 168/193 MP: 19/19
 64614 | Shoals:4 | Entered Level 4 of the Shoals
 64655 | Shoals:4 | Noticed Ilsuiw
 64676 | Shoals:4 | HP: 7/193 [merfolk javelineer/silver javelin (12)]
 64677 | Shoals:4 | Hit by a silver javelin thrown by a merfolk javelineer

Illustrated notes

Levels and vault maps discovered:
D:1:      amcnicky_arrival_gap_in_the_tavern_cellar, layout_loops_ring,
          minmay_hedge_maze
D:2:      layout_basic, serial_shops, nicolae_shop_rolling_square
D:3:      layout_rooms, chequers_serial_rivers_room_b, uniq_ijyb
D:4:      layout_cave_pods, serial_shops, shop, uniq_duvessa
D:5:      layout_basic, minmay_temple_entry_junction
D:6:      layout_cave_pools, okawaru_trees_1
D:7:      layout_loops_corners
D:8:      layout_loops_cross, nicolae_gozag_zags_fifth_avenue, lightli_minifort
D:9:      minmay_the_grid_plus_closed [minmay_the_grid_small_cups,
          minmay_the_grid_medium_cups, minmay_the_grid_garden,
          minmay_the_grid_zigzag_pyramid, minmay_the_grid_prize_trominoes],
          layout_irregular_city, nicolae_overflow_hallway_of_the_gods
D:10:     layout_roguey, nicolae_overflow_crystal_walls
D:11:     layout_gridville, uniq_nergalle
D:12:     layout_basic, hiddenorc1_lemuel, nicolae_diode_quadrants, uniq_urug,
          uniq_erolcha, uniq_fannar
D:13:     layout_roguey, grunt_vaults_entry_tiered, gauntlet_entry_generic,
          serial_curves, eino_curves_04, eino_curves_02, eino_curves_03,
          eino_curves_04
D:14:     layout_irregular_city, cheibrodos_ashenzari_chains
D:15:     grunt_enter_depths_snipers, layout_gridville, serial_shops,
          nicolae_shop_tiny_glass, serial_park_square3
          [serial_park_minivault_5x5_5], uniq_jorgrun, uniq_azrael
Lair:1:   layout_roguey, nicolae_volcano_entry_two_sided, lemuel_fruit_tree,
          uniq_sonja, uniq_joseph
Lair:2:   layout_cave_pods
Lair:3:   layout_gridlike, minmay_shoals_entry_centaurs,
          nicolae_spider_entry_tight_spaces
Lair:4:   layout_roguey, slime_entry_1, chequers_serial_rivers_large_b,
          nicolae_lair_run_with_the_wolves, infiniplex_staircase_pool,
          serial_bayou_shore_a
Lair:5:   grunt_lair_end_beastmaster, layout_small_grid
Shoals:1: layout_shoals, nicolae_shoals_square_sea_wall
Shoals:2: cheibrodos_shoals_oceanic_diplomacy, layout_shoals, serial_shops,
          nicolae_shop_tiny_glass, nicolae_shoals_spring_well_temple
Shoals:3: layout_shoals, uniq_polyphemus
Shoals:4: shoals_end_simple, layout_shoals, shoals_ilsuiw_ice,
          portal_ice_cave_entry_pillars_1, lightli_airlock
Spider:1: layout_spider_delve
Spider:2: layout_chambers
Spider:3: layout_cave_pods, nicolae_spider_webbed_stairs
Spider:4: johnstein_spider_rune_arachne_lair, hellmonk_test_site
Orc:1:    layout_caves, serial_shops, shop, basic_altar
Orc:2:    st_orc_rangers, layout_caves, gammafunk_ghost_berserking_beasts
Elf:1:    cheibrodos_salmonella, layout_loops_corners,
          nicolae_trove_entry_crystal, serial_co_window_serial,
          co_window_paths_a, co_window_of_opportunity_a, co_window_corner_a,
          co_window_of_opportunity_a, co_window_paths_a, co_window_paths_a,
          co_window_corner_a, co_window_corner_b, co_window_paths_c,
          co_window_corner_b, co_window_corner_b, co_window_corner_b,
          co_window_paths_e, glass_columns_c,
          nicolae_elf_glass_and_crystal_pillar_2
Elf:2:    nicolae_elf_blades_splatter_lattice
          [nicolae_blade_entry_area_security], layout_rooms,
          nicolae_elf_big_sculpture_3
Elf:3:    minmay_elf_hall_hex, layout_gridlike, serial_aquarium,
          aquarium_bridge_straight [aquarium_subvault_bridge,
          aquarium_subvault_window, aquarium_subvault_bridge,
          aquarium_subvault_wall], aquarium_window_corridor_3,
          aquarium_window_fake, aquarium_view_2a, aquarium_view_2d,
          minmay_elf_sorcery

Skill      XL: |  1  2  3  4  5  6  7  8  9 10 11 12 13 14 15 16 17 18 19 |
---------------+----------------------------------------------------------+-----
Axes           | 4 5 6 7 8 9 10 12 13 15 16 18 19 20 23 24 | 24.8
Fighting       | 4 5 6 7 8 9 10 11 12 13 14 15 17 19 20 | 20.2
Ranged Weapons | 2 5 8 10 11 13 15 16 17 18 19 20 | 20.7
Evocations     | 3 4 6 7 8 9 10 | 10.0
Throwing       | 4 5 7 |  7.3
Armour         | 5 7 8 10 12 | 12.5
Maces & Flails | 2 5 7 |  7.6
Dodging        | 5 8 |  8.4

Action                     |  1- 3 |  4- 6 |  7- 9 | 10-12 | 13-15 | 16-18 | 19-21 || total
---------------------------+-------+-------+-------+-------+-------+-------+-------++-------
  Melee: Hand axe          |    65 |       |       |       |       |       |       ||    65
         Headbutt          |    13 |    12 |    45 |    71 |   170 |   158 |    91 ||   560
         Trident           |    31 |    33 |       |       |       |       |       ||    64
         Flail             |       |    28 |       |       |       |       |       ||    28
         War axe           |       |    19 |   186 |    23 |   121 |    39 |       ||   388
         Battleaxe         |       |       |       |   350 |   559 |   183 |    21 ||  1113
         Punch             |       |       |       |       |     2 |       |     3 ||     5
         Eveningstar       |       |       |       |       |     4 |       |       ||     4
         Executioner's axe |       |       |       |       |       |   482 |   173 ||   655
         Mace              |       |       |       |       |       |       |   157 ||   157
   Fire: Sling             |       |       |    43 |       |       |       |       ||    43
         Orcbow            |       |       |       |    97 |   369 |       |       ||   466
         Arbalest          |       |       |       |       |    84 |   567 |   271 ||   922
  Throw: Dart              |       |    12 |    12 |     9 |    15 |     4 |       ||    52
         Javelin           |       |     2 |     5 |     8 |     1 |       |       ||    16
         Boomerang         |       |       |       |       |     4 |    12 |       ||    16
 Invoke: Berserk           |     1 |     3 |    11 |    10 |    21 |    12 |     4 ||    62
         Trog's Hand       |       |       |     4 |    16 |    27 |    36 |     6 ||    89
Ability: Evoke Blink       |       |       |       |       |       |     2 |       ||     2
  Evoke: Wand              |       |       |     4 |     7 |     9 |    14 |       ||    34
         Tin of tremorston |       |       |       |       |       |     2 |     3 ||     5
    Use: Scroll            |       |     1 |     9 |    14 |    18 |    13 |     3 ||    58
         Potion            |       |       |       |       |       |    10 |     1 ||    11
   Stab: Sleeping          |     1 |       |       |       |       |       |       ||     1
         Betrayed ally     |       |       |       |       |     1 |       |       ||     1
         Distracted        |       |       |       |       |       |     1 |       ||     1
         Petrified         |       |       |       |       |       |       |     3 ||     3
         Petrifying        |       |       |       |       |       |       |     2 ||     2
 Armour: Animal skin       |    31 |       |       |       |       |       |       ||    31
         Chain mail        |    13 |    52 |   182 |   340 |   790 |       |       ||  1377
         Plate armour      |       |       |       |    38 |   174 |  1125 |   597 ||  1934
  Dodge: Dodged            |    63 |    44 |    90 |   171 |   442 |   277 |   237 ||  1324
  Block: Buckler           |    13 |    13 |    40 |       |       |       |       ||    66
         Other             |       |       |       |       |   126 |   178 |   103 ||   407
         Reflection        |       |       |       |       |    45 |    22 |    12 ||    79

Table legend: (Time is in decaauts)
 A = Elapsed time spent in this place.
 B = Non-inter-level travel time spent in this place.
 C = Inter-level travel time spent in this place.
 D = Time resting spent in this place.
 E = Time spent auto-exploring this place.
 F = Levels seen in this place.
 G = Mean time per level.
                   A        B        C        D        E       F      G
               +--------+--------+--------+--------+--------+-----+--------+
         Total |  65181 |  62616 |   2565 |  30024 |  23869 |  35 | 1862.3 |
       Dungeon |  18636 |  17456 |   1180 |   5501 |   9090 |  15 | 1242.4 |
          Lair |  10876 |  10389 |    487 |   5206 |   3867 |   5 | 2175.2 |
        Shoals |   5218 |   5063 |    155 |   1569 |   2803 |   4 | 1304.5 |
   Spider Nest |  10568 |  10227 |    341 |   4634 |   4516 |   4 | 2642.0 |
  Orcish Mines |   5783 |   5669 |    114 |   4266 |    888 |   2 | 2891.5 |
   Elven Halls |  13184 |  12898 |    286 |   8309 |   2652 |   3 | 4394.7 |
       Volcano |    408 |    408 |      0 |    240 |      0 |   1 |  408.0 |
      Gauntlet |    505 |    505 |      0 |    297 |     52 |   1 |  505.0 |
               +--------+--------+--------+--------+--------+-----+--------+

Top non-repeatable levels by time:
   Elf:3: 6982 daAuts
Spider:4: 4328 daAuts
  Lair:5: 3787 daAuts
   Elf:2: 3208 daAuts
   Elf:1: 2993 daAuts
   Orc:1: 2929 daAuts
   Orc:2: 2854 daAuts
Spider:3: 2557 daAuts
  Lair:4: 2293 daAuts
Shoals:3: 2122 daAuts
  Lair:3: 2015 daAuts
Shoals:2: 2007 daAuts
Spider:2: 1995 daAuts
    D:14: 1968 daAuts
     D:9: 1882 daAuts
